 Dungeon Crawl Stone Soup version 0.27-a0-1065-ge809cff456 (webtiles) character file.

Game seed: 38079784568392031

11 sanka the Sneak (level 2, 0/26 HPs)
             Began as a Djinni Delver on Apr 23, 2021.
             Was an Initiate of Okawaru.
             Slain by an adder (5 damage)
             ... on level 6 of the Dungeon.
             The game lasted 00:01:00 (137 turns).

sanka the Sneak (Djinni Delver)                      Turns: 137, Time: 00:01:01

Health: 0/26       AC:  3    Str: 11    XL:     2   Next: 25%
Gold:   0          EV: 12    Int: 11    God:    Okawaru [......] SH:  0 Dex: 14

rFire    + + .     SeeInvis .     - Unarmed
rCold    x . .     Faith    .   (no shield)
rNeg     . . .     Spirit   .   a - +0 leather armour
rPois    ∞         Reflect  .   (no helmet)
rElec    .         Harm     .   (no cloak)
rCorr    .         Rampage  .   (no gloves)
Will     .....                  (boots unavailable)
Stlth    +.........             (no amulet)
HPRegen  0.08/turn              (no ring)
MPRegen  0.00/turn              (no ring)

@: confused, flying, hasted, very quick
A: fire resistance 2, cold vulnerability 1, float, innate caster, hp casting,
extra vitality 1
a: Renounce Religion


You were on level 6 of the Dungeon.
You worshipped Okawaru.
Okawaru was noncommittal.
You visited 1 branch of the dungeon, and saw 2 of its levels.


Innate Abilities, Weirdness & Mutations

You are immune to poison.
Your flesh is very heat resistant. (rF++)
You are vulnerable to cold. (rC-)
You float through the air rather than walking.
You learn spells naturally, not from books.
Your magical power is your life essence.
You have superior vitality. (+4 HP)


   Skills:
 + Level 3.6 Fighting
 - Level 2.1 Dodging
 - Level 4.1 Stealth
 - Level 2.0 Unarmed Combat


You had one spell level left.
You didn't know any spells.
Your spell library was empty.

Inventory:

Armour
 a - a +0 leather armour (worn)
Wands
 f - a wand of digging (3)
Scrolls
 b - a scroll of fog
 c - a scroll of magic mapping
 d - a scroll of fear
 g - a scroll of amnesia {unknown}
 h - a scroll of enchant weapon {unknown}

Dungeon Overview and Level Annotations

Branches:
Dungeon (6/15)
 Temple: D:4-7

Altars:
Okawaru

▒ ...▒.▒
▒.▒▒▒.▒.▒▒+▒▒▒▒
▒.............▒
▒▒▒▒▒.........▒
▒.(.......▒
▒.........▒
▒.........▒
▒....▒{▒▒▒▒▒▒▒
▒▒▒▒.▒RS...... o
▒.▒▒▒▒▒▒▒▒|.▒
▒.▒▒▒▒▒▒▒▒..o
▒▒▒...........o ▒▒▒▒
▒▒.......≈..▒..o
▒≈≈▒▒▒..≈≈..≈........
▒▒≈▒▒...≈....≈......▒
▒≈≈≈≈≈≈≈≈≈≈≈≈≈≈≈≈≈≈≈
▒▒≈≈≈≈≈≈≈≈≈≈≈≈≈≈≈≈≈≈


You could see an adder.


Message History

The adder completely misses you.
You hit the orc wizard.
The orc wizard is lightly wounded.
The orc wizard hits you with a +0 dagger.
* * * LOW HITPOINT WARNING * * *
The adder barely misses you.
Unknown command.
Press < or > to pray at altars.
You hit the orc wizard.
The orc wizard is lightly wounded.
The adder misses you.
The orc wizard gestures at itself while chanting.
The orc wizard flickers and vanishes!
Deactivating autopickup; reactivate with Ctrl-A.
You hit something but do no damage. The adder barely misses you.
You hear some strange, mumbled words.
You are confused.
You completely miss something. The adder bites you but does no damage.
Something hits you but does no damage. The adder bites you.
* * * LOW HITPOINT WARNING * * *
You bump into the rock wall.
Something hits you but does no damage. The adder bites you.
* * * LOW HITPOINT WARNING * * *
You feel yourself speed up. The adder bites you.
You die...

Action                   || total
-------------------------++-------
Melee: Unarmed           ||    14
  Use: Potion            ||     1
Armor: Leather armour    ||     8
Dodge: Dodged            ||    15

Levels and vault maps discovered:
D:5:      layout_basic, nicolae_ashenzari_skybound,
          minmay_temple_entry_poolview, serial_shops, shop
D:6:      layout_basic, overflow_temple_1_default, lemuel_doored_altar,
          nicolae_kikubaaqudgha_miasma_corner, ebering_ghost_rock_garden,
          portal_sewer_entry_d, chequers_serial_rivers_small_3,
          grunt_ministairs_1, minmay_misc_feat_ornament

Notes
Turn   | Place    | Note
-------+----------+-------------------------------------------
     0 | D:5      | sanka the Djinni Delver began the quest for the Orb.
     0 | D:5      | Reached XP level 1. HP: 20/20 MP: 0/0
   108 | D:6      | Noticed an orc warrior
   109 | D:6      | Noticed an orc wizard
   109 | D:6      | Noticed an orc wizard
   118 | D:6      | Found an iron altar of Okawaru.
   121 | D:6      | Became a worshipper of Warmaster Okawaru
   130 | D:6      | Reached XP level 2. HP: 11/26 MP: 0/0
   137 | D:6      | Slain by an adder

Vanquished Creatures
  A howler monkey zombie (D:6)
1 creature vanquished.
